SAA
PHOENIX HOTSPUR YOUTH @ BELVEDERE PARK RAWHIDES
07/09/2026
 
TOP OF THE 1ST
Phoenix Hotspur Youth batting - Pitching for Belvedere Park Rawhides : LHP Nick Mason
Pitching: LHP Nick Mason
Batting: RHB David Rivas 0-0: Called Strike
0-1: Called Strike
0-2: Foul Ball, location: 2F
0-2: Foul Ball, location: 2F
0-2: Ball
1-2: Ball
2-2: SINGLE (Line Drive, 9LS)
Batting: RHB Carl Tucker 0-0: Ball
1-0: Ball
2-0: SINGLE (Groundball, 6MD)
David Rivas to second
Batting: LHB Roberto Fierro 0-0: Ball
1-0: Foul Ball, location: 2F
1-1: Foul Ball, location: 2F
1-2: Foul Ball, location: 2F
1-2: SINGLE (Line Drive, 34D)
David Rivas to third
Carl Tucker to second
Batting: RHB Rubén Andrada 0-0: Grounds into double play, 6-4-3 (Groundball, 6)
David Rivas scores
Carl Tucker to third
Batting: RHB Juan Rivera 0-0: Swinging Strike
0-1: Ball
1-1: Ground out 5-3 (Groundball, 56S)
Top of the 1st over - 1 run(s), 3 hit(s), 0 error(s), 1 left on base; Phoenix Hotspur 1 - Belvedere Park 0
BOTTOM OF THE 1ST
Belvedere Park Rawhides batting - Pitching for Phoenix Hotspur Youth : RHP Mitchell Atwell
Pitching: RHP Mitchell Atwell
Batting: SHB Manuel González 0-0: Ball
1-0: Ball
2-0: Foul Ball, location: 2F
2-1: Ground out 1-3 (Groundball, 13S)
Batting: RHB José Pérez 0-0: Foul Ball, location: 2F
0-1: Called Strike
0-2: Ball
1-2: Ball
2-2: Foul Ball, location: 2F
2-2: Ball
3-2: Foul Ball, location: 2F
3-2: Ground out 6-3 (Groundball, 56)
Batting: LHB António Serrano 0-0: Ball
1-0: Fly out, F9 (Flyball, 9S)
Bottom of the 1st over - 0 run(s), 0 hit(s), 0 error(s), 0 left on base; Phoenix Hotspur 1 - Belvedere Park 0
TOP OF THE 2ND
Phoenix Hotspur Youth batting - Pitching for Belvedere Park Rawhides : LHP Nick Mason
Batting: RHB Ed Sharp 0-0: Foul Ball, location: 2F
0-1: Ball
1-1: Ball
2-1: Fly out, F8 (Flyball, 89M)
Batting: LHB Richard Alpert 0-0: Foul Ball, location: 2F
0-1: Ball
1-1: Swinging Strike
1-2: Ball
2-2: Ground out U3 (Groundball, 34)
Batting: RHB Bernardo Rivera 0-0: Swinging Strike
0-1: Foul Ball, location: 2F
0-2: Ball
1-2: Ball
2-2: Foul Ball, location: 2F
2-2: Foul Ball, location: 2F
2-2: Ball
3-2: Ground out 4-3 (Groundball, 4M)
Top of the 2nd over - 0 run(s), 0 hit(s), 0 error(s), 0 left on base; Phoenix Hotspur 1 - Belvedere Park 0
BOTTOM OF THE 2ND
Belvedere Park Rawhides batting - Pitching for Phoenix Hotspur Youth : RHP Mitchell Atwell
Batting: RHB Enrique Pimentel 0-0: Ball
1-0: Ball
2-0: Called Strike
2-1: Ball
3-1: Base on Balls
Batting: RHB D.C. Aiken 0-0: Called Strike
Enrique Pimentel steals 2nd base
0-1: Ball
1-1: Called Strike
1-2: Ball
2-2: Ball
3-2: Fly out, F8 (Flyball, 8RS)
Batting: RHB Warren Willis 0-0: Swinging Strike
0-1: Ball
Enrique Pimentel steals 3rd base
1-1: Ball
2-1: Called Strike
2-2: Strikes out swinging
Batting: RHB Uchino Akahito 0-0: Ball
1-0: Called Strike
1-1: Ball
Wild Pitch!
Enrique Pimentel scores
2-1: Swinging Strike
2-2: Strikes out swinging
Bottom of the 2nd over - 1 run(s), 0 hit(s), 0 error(s), 0 left on base; Phoenix Hotspur 1 - Belvedere Park 1
TOP OF THE 3RD
Phoenix Hotspur Youth batting - Pitching for Belvedere Park Rawhides : LHP Nick Mason
Batting: RHB Enrico Sánchez 0-0: Called Strike
0-1: Called Strike
0-2: Ball
1-2: Foul Ball, location: 2F
1-2: Ball
2-2: Ground out 6-3 (Groundball, 6)
Batting: RHB David Rivas 0-0: Called Strike
0-1: Ball
1-1: Fly out, F4 (Line Drive, 4)
Batting: RHB Carl Tucker 0-0: Ball
1-0: Foul Ball, location: 2F
1-1: Foul Ball, location: 2F
1-2: Foul Ball, location: 2F
1-2: Ball
2-2: Foul Ball, location: 2F
2-2: Ball
3-2: Ground out 4-3 (Groundball, 4M)
Top of the 3rd over - 0 run(s), 0 hit(s), 0 error(s), 0 left on base; Phoenix Hotspur 1 - Belvedere Park 1
BOTTOM OF THE 3RD
Belvedere Park Rawhides batting - Pitching for Phoenix Hotspur Youth : RHP Mitchell Atwell
Batting: RHB Fernando Rutledge 0-0: Ball
1-0: Ball
2-0: Foul Ball, location: 2F
2-1: Ball
3-1: Base on Balls
Batting: RHB Charles Rowell 0-0: Grounds into double play, 4-6-3 (Groundball, 4)
Batting: SHB Manuel González 0-0: Fly out, F9 (Flyball, 9LMF)
Bottom of the 3rd over - 0 run(s), 0 hit(s), 0 error(s), 0 left on base; Phoenix Hotspur 1 - Belvedere Park 1
TOP OF THE 4TH
Phoenix Hotspur Youth batting - Pitching for Belvedere Park Rawhides : LHP Nick Mason
Batting: LHB Roberto Fierro 0-0: Ball
1-0: Ground out 6-3 (Groundball, 6)
Batting: RHB Rubén Andrada 0-0: Called Strike
0-1: Ball
1-1: Ball
2-1: Fly out, F9 (Flyball, 89D)
Batting: RHB Juan Rivera 0-0: Fly out, F8 (Line Drive, 8LM)
Top of the 4th over - 0 run(s), 0 hit(s), 0 error(s), 0 left on base; Phoenix Hotspur 1 - Belvedere Park 1
BOTTOM OF THE 4TH
Belvedere Park Rawhides batting - Pitching for Phoenix Hotspur Youth : RHP Mitchell Atwell
Batting: RHB José Pérez 0-0: Foul Ball, location: 2F
0-1: Ball
1-1: Foul Ball, location: 2F
1-2: DOUBLE (Groundball, 5L)
Batting: LHB António Serrano 0-0: Ball
1-0: Called Strike
1-1: Foul Ball, location: 2F
1-2: Ground out 6-3 (Groundball, 56D)
Batting: RHB Enrique Pimentel 0-0: Fly out, F9 (Flyball, 9S)
Batting: RHB D.C. Aiken 0-0: Called Strike
0-1: Ball
1-1: Fly out, F3 (Popup, 3)
Bottom of the 4th over - 0 run(s), 1 hit(s), 0 error(s), 1 left on base; Phoenix Hotspur 1 - Belvedere Park 1
TOP OF THE 5TH
Phoenix Hotspur Youth batting - Pitching for Belvedere Park Rawhides : LHP Nick Mason
Batting: RHB Ed Sharp 0-0: Called Strike
0-1: Foul Ball, location: 2F
0-2: Ball
1-2: Foul Ball, location: 2F
1-2: Ball
2-2: Ball
3-2: Base on Balls
Batting: LHB Richard Alpert 0-0: Bunted foul
0-1: Bunted foul
0-2: Grounds into double play, 4-6-3 (Groundball, 34)
Batting: RHB Bernardo Rivera 0-0: Foul Ball, location: 2F
0-1: Ball
1-1: Called Strike
1-2: Ball
2-2: Ball
3-2: Base on Balls
Batting: RHB Enrico Sánchez 0-0: Ball
1-0: Swinging Strike
1-1: SINGLE (Groundball, 6MS) (infield hit)
Bernardo Rivera to second
Batting: RHB David Rivas 0-0: Called Strike
0-1: Ball
1-1: Called Strike
1-2: Foul Ball, location: 2F
1-2: Fielders Choice at 2nd, 4-6 (Groundball, 4)
Top of the 5th over - 0 run(s), 1 hit(s), 0 error(s), 1 left on base; Phoenix Hotspur 1 - Belvedere Park 1
BOTTOM OF THE 5TH
Belvedere Park Rawhides batting - Pitching for Phoenix Hotspur Youth : RHP Mitchell Atwell
Batting: RHB Warren Willis 0-0: Foul Ball, location: 2F
0-1: Ball
1-1: Ground out 5-3 (Groundball, 5S)
Batting: RHB Uchino Akahito 0-0: Ball
1-0: Ball
2-0: Foul Ball, location: 2F
2-1: Swinging Strike
2-2: SINGLE (Line Drive, 4)
Batting: RHB Fernando Rutledge 0-0: Ball
1-0: Ball
Passed Ball!
Uchino Akahito to second
2-0: Called Strike
2-1: Foul Ball, location: 2F
2-2: Ground out 6-3 (Groundball, 6M)
Uchino Akahito to third
Batting: RHB Charles Rowell 0-0: Ball
1-0: Swinging Strike
1-1: SINGLE (Line Drive, 6D)
Uchino Akahito scores
Batting: SHB Manuel González 0-0: Called Strike
0-1: Fly out, F6 (Popup, 6M)
Bottom of the 5th over - 1 run(s), 2 hit(s), 0 error(s), 1 left on base; Phoenix Hotspur 1 - Belvedere Park 2
TOP OF THE 6TH
Phoenix Hotspur Youth batting - Pitching for Belvedere Park Rawhides : LHP Nick Mason
Batting: RHB Carl Tucker 0-0: SINGLE (Groundball, 34D)
Batting: LHB Roberto Fierro 0-0: Foul Ball, location: 2F
0-1: Ball
1-1: Foul Ball, location: 2F
1-2: Foul Ball, location: 2F
1-2: Fly out, F7 (Flyball, 7LS)
Batting: RHB Rubén Andrada 0-0: Called Strike
0-1: Ball
1-1: Called Strike
1-2: Strikes out looking
Batting: RHB Juan Rivera 0-0: Ball
1-0: Fly out, F7 (Flyball, 7)
Top of the 6th over - 0 run(s), 1 hit(s), 0 error(s), 1 left on base; Phoenix Hotspur 1 - Belvedere Park 2
BOTTOM OF THE 6TH
Belvedere Park Rawhides batting - Pitching for Phoenix Hotspur Youth : RHP Mitchell Atwell
Batting: RHB José Pérez 0-0: Ball
1-0: Called Strike
1-1: Ball
2-1: Ball
3-1: Foul Ball, location: 2F
3-2: Fly out, F9 (Line Drive, 9)
Batting: LHB António Serrano 0-0: Called Strike
0-1: Foul Ball, location: 2F
0-2: Ground out 4-3 (Groundball, 4)
Batting: RHB Enrique Pimentel 0-0: Swinging Strike
0-1: Ball
1-1: Ball
2-1: Ground out 5-3 (Groundball, 56S)
Bottom of the 6th over - 0 run(s), 0 hit(s), 0 error(s), 0 left on base; Phoenix Hotspur 1 - Belvedere Park 2
TOP OF THE 7TH
Phoenix Hotspur Youth batting - Pitching for Belvedere Park Rawhides : LHP Nick Mason
Pitching: LHP Javier Browne
Batting: RHB Ed Sharp 0-0: Ball
1-0: Called Strike
1-1: Ball
2-1: Fly out, F9 (Flyball, 89S)
Batting: LHB Richard Alpert 0-0: Called Strike
0-1: Swinging Strike
0-2: Strikes out looking
Batting: RHB Bernardo Rivera 0-0: Foul Ball, location: 2F
0-1: Called Strike
0-2: Ground out 5-3 (Groundball, 56)
Top of the 7th over - 0 run(s), 0 hit(s), 0 error(s), 0 left on base; Phoenix Hotspur 1 - Belvedere Park 2
BOTTOM OF THE 7TH
Belvedere Park Rawhides batting - Pitching for Phoenix Hotspur Youth : RHP Mitchell Atwell
Batting: RHB D.C. Aiken 0-0: Fly out, F7 (Flyball, 7S)
Batting: RHB Warren Willis 0-0: Ball
1-0: SINGLE (Line Drive, 56D)
Batting: RHB Uchino Akahito 0-0: Called Strike
0-1: Grounds into double play, 6-4-3 (Groundball, 6)
Bottom of the 7th over - 0 run(s), 1 hit(s), 0 error(s), 0 left on base; Phoenix Hotspur 1 - Belvedere Park 2
TOP OF THE 8TH
Phoenix Hotspur Youth batting - Pitching for Belvedere Park Rawhides : LHP Javier Browne
Pitching: LHP Drew Cullen
Batting: RHB Enrico Sánchez 0-0: Foul Ball, location: 2F
0-1: Ball
1-1: Foul Ball, location: 2F
1-2: Strikes out looking
Batting: RHB David Rivas 0-0: Called Strike
0-1: Swinging Strike
0-2: Ball
1-2: Foul Ball, location: 2F
1-2: Ball
2-2: Foul Ball, location: 2F
2-2: Ball
3-2: Fly out, F9 (Flyball, 89M)
Batting: RHB Carl Tucker 0-0: Called Strike
0-1: Ground out 6-3 (Groundball, 6)
Top of the 8th over - 0 run(s), 0 hit(s), 0 error(s), 0 left on base; Phoenix Hotspur 1 - Belvedere Park 2
BOTTOM OF THE 8TH
Belvedere Park Rawhides batting - Pitching for Phoenix Hotspur Youth : RHP Mitchell Atwell
Batting: RHB Fernando Rutledge 0-0: Ball
1-0: Fly out, F7 (Flyball, 7LMF)
Batting: RHB Charles Rowell 0-0: Called Strike
0-1: Ball
1-1: Fly out, F8 (Flyball, 8RM)
Batting: SHB Manuel González 0-0: Swinging Strike
0-1: SINGLE (Groundball, 56D)
Batting: RHB José Pérez 0-0: Ball
Manuel González steals 2nd base
1-0: Ball
2-0: Ball
3-0: Called Strike
3-1: Swinging Strike
3-2: Foul Ball, location: 2F
3-2: Fly out, F7 (Flyball, 7)
Bottom of the 8th over - 0 run(s), 1 hit(s), 0 error(s), 1 left on base; Phoenix Hotspur 1 - Belvedere Park 2
TOP OF THE 9TH
Phoenix Hotspur Youth batting - Pitching for Belvedere Park Rawhides : LHP Drew Cullen
Pitching: RHP Dino Moonglampers
Batting: LHB Roberto Fierro 0-0: Foul Ball, location: 2F
0-1: Ball
1-1: Called Strike
1-2: SINGLE (Line Drive, 6MD)
Batting: RHB Rubén Andrada 0-0: Ball
1-0: Swinging Strike
1-1: Ball
2-1: Foul Ball, location: 2F
2-2: Ball
3-2: Base on Balls
Roberto Fierro to second
Pinch Hitting: LHB Ricardo Peńa 0-0: Swinging Strike
0-1: Ball
1-1: Ball
2-1: Ball
3-1: Foul Ball, location: 2F
3-2: Foul Ball, location: 2F
3-2: SINGLE (Groundball, 3D)
Roberto Fierro to third
Rubén Andrada to second
Runner from 3rd tries for Home, throw and OUT!
Rubén Andrada to third
Ricardo Peńa to second
Batting: RHB Ed Sharp 0-0: Foul Ball, location: 2F
0-1: Called Strike
0-2: Fly out, F8 (Flyball, 8LM)
Runner from 3rd tags up, SCORES, throw made
Batting: LHB Richard Alpert 0-0: Ball
1-0: Ball
2-0: SINGLE (Line Drive, 4D)
Ricardo Peńa to third
Batting: RHB Bernardo Rivera 0-0: Ball
1-0: Fielders Choice at 2nd, 5-4 (Groundball, 5L)
Top of the 9th over - 1 run(s), 3 hit(s), 0 error(s), 1 left on base; Phoenix Hotspur 2 - Belvedere Park 2
BOTTOM OF THE 9TH
Belvedere Park Rawhides batting - Pitching for Phoenix Hotspur Youth : RHP Mitchell Atwell
Pitching: RHP Alexander Weareorwear
Now at 1B: Eric Conway
Batting: LHB António Serrano 0-0: Ball
1-0: Ball
2-0: Ball
3-0: Called Strike
3-1: Base on Balls
Batting: RHB Enrique Pimentel 0-0: Called Strike
0-1: Swinging Strike
0-2: Ball
1-2: Strikes out looking
Pinch Hitting: LHB Gustavo Vázquez 0-0: Called Strike
0-1: Ball
1-1: Foul Ball, location: 2F
1-2: Fielders Choice at 2nd, 3-6 (Groundball, 3)
Pinch Hitting: SHB Jim Unknown 0-0: Called Strike
0-1: Ball
1-1: Fly out, F8 (Flyball, 8RM)
Bottom of the 9th over - 0 run(s), 0 hit(s), 0 error(s), 1 left on base; Phoenix Hotspur 2 - Belvedere Park 2
TOP OF THE 10TH
Phoenix Hotspur Youth batting - Pitching for Belvedere Park Rawhides : RHP Dino Moonglampers
Now at 1B: Jim Unknown
Now at 3B: Gustavo Vázquez
Pinch Hitting: LHB Kenny Scott 0-0: Ball
1-0: Called Strike
1-1: Foul Ball, location: 2F
1-2: Strikes out swinging
Batting: RHB David Rivas 0-0: Ball
1-0: Ball
2-0: Called Strike
2-1: Foul Ball, location: 2F
2-2: Ball
3-2: Foul Ball, location: 2F
3-2: Fly out, F9 (Flyball, 9D)
Batting: RHB Carl Tucker 0-0: Ball
1-0: Ball
2-0: Foul Ball, location: 2F
2-1: Foul Ball, location: 2F
2-2: Foul Ball, location: 2F
2-2: Ball
3-2: Strikes out swinging
Top of the 10th over - 0 run(s), 0 hit(s), 0 error(s), 0 left on base; Phoenix Hotspur 2 - Belvedere Park 2
BOTTOM OF THE 10TH
Belvedere Park Rawhides batting - Pitching for Phoenix Hotspur Youth : RHP Alexander Weareorwear
Now at 3B: Kenny Scott
Batting: RHB Uchino Akahito 0-0: Ball
1-0: Foul Ball, location: 2F
1-1: Ball
2-1: Ball
3-1: Foul Ball, location: 2F
3-2: Strikes out swinging
Pinch Hitting: RHB Victorino Navarro 0-0: Called Strike
0-1: Ball
1-1: Foul Ball, location: 2F
1-2: Ground out 5-3 (Groundball, 56)
Pinch Hitting: RHB Jesús Calderón 0-0: Ball
1-0: Called Strike
1-1: Ball
2-1: Ground out 6-3 (Groundball, 6)
Bottom of the 10th over - 0 run(s), 0 hit(s), 0 error(s), 0 left on base; Phoenix Hotspur 2 - Belvedere Park 2
TOP OF THE 11TH
Phoenix Hotspur Youth batting - Pitching for Belvedere Park Rawhides : RHP Dino Moonglampers
Pitching: LHP Claudio Avelardo
Now at 2B: Victorino Navarro
Now in CF: Anthony Crow
Batting: LHB Roberto Fierro 0-0: Called Strike
0-1: Ball
1-1: Ball
2-1: Foul Ball, location: 2F
2-2: Foul Ball, location: 2F
2-2: Ball
3-2: Reached on error, E7 (Flyball, 78M)
Batting: RHB Rubén Andrada 0-0: Called Strike
0-1: Ball
1-1: Foul Ball, location: 2F
1-2: Ball
2-2: Fly out, F6 (Flyball, 6D)
Batting: RHB Eric Conway 0-0: SINGLE (Groundball, 4MD)
Roberto Fierro to second
Batting: RHB Ed Sharp 0-0: Ball
Roberto Fierro steals 3rd base
Eric Conway to second
1-0: Intentional Walk
Batting: LHB Richard Alpert 0-0: Swinging Strike
0-1: Ball
1-1: Ball
2-1: Swinging Strike
2-2: Strikes out swinging
Batting: RHB Bernardo Rivera 0-0: Foul Ball, location: 2F
0-1: Foul Ball, location: 2F
0-2: Ball
1-2: Ball
2-2: Foul Ball, location: 2F
2-2: Ball
3-2: Base on Balls
Roberto Fierro scores
Eric Conway to third
Ed Sharp to second
Pinch Hitting: RHB Edolf Middehof 0-0: Ball
1-0: Ball
2-0: Called Strike
2-1: Called Strike
2-2: Foul Ball, location: 2F
2-2: SINGLE (Line Drive, 56D)
Eric Conway scores
Ed Sharp to third
Bernardo Rivera to second
Runner from 3rd tries for Home, SAFE, no throw
Pitching: RHP Gerardo Tolemto
Batting: RHB David Rivas 0-0: Swinging Strike
0-1: Ball
1-1: Fielders Choice at 2nd, 4-6 (Groundball, 4)
Top of the 11th over - 3 run(s), 2 hit(s), 1 error(s), 1 left on base; Phoenix Hotspur 5 - Belvedere Park 2
BOTTOM OF THE 11TH
Belvedere Park Rawhides batting - Pitching for Phoenix Hotspur Youth : RHP Alexander Weareorwear
Pitching: RHP Vernon Turner
Now at 3B: Juan Román
Batting: SHB Manuel González 0-0: Ball
1-0: Fly out, F9 (Flyball, 9S)
Batting: RHB José Pérez 0-0: Called Strike
0-1: Foul Ball, location: 2F
0-2: Ball
1-2: Foul Ball, location: 2F
1-2: Foul Ball, location: 2F
1-2: Foul Ball, location: 2F
1-2: Fly out, F2 (Popup, 2R)
Batting: LHB António Serrano 0-0: Ball
1-0: Called Strike
1-1: Ball
2-1: Called Strike
2-2: Ground out U3 (Groundball, 3L)
Bottom of the 11th over - 0 run(s), 0 hit(s), 0 error(s), 0 left on base; Phoenix Hotspur 5 - Belvedere Park 2
Monday, March 20th, 2017 - OOTP Baseball 17.12 Build 75